SR
SURPRISE SHOCKERS @ HUDSONVILLE FLANDERSES
06/19/2041
 
TOP OF THE 1ST
Surprise Shockers batting - Pitching for Hudsonville Flanderses : RHP Roberto Córdova
Pitching: RHP Roberto Córdova
Batting: SHB Miguel Lajara 0-0: Ball
1-0: Called Strike
1-1: Foul Ball, location: 2F
1-2: Strikes out swinging
Batting: RHB Ryan McLeod 0-0: Called Strike
0-1: Ball
1-1: Foul Ball, location: 2F
1-2: Ball
2-2: Foul Ball, location: 2F
2-2: Ball
3-2: Foul Ball, location: 2F
3-2: Foul Ball, location: 2F
3-2: Foul Ball, location: 2F
3-2: Strikes out swinging
Batting: LHB Rubén Larreta 0-0: Called Strike
0-1: Ball
1-1: Foul Ball, location: 2F
1-2: Foul Ball, location: 2F
1-2: Ball
2-2: Fly out, F8 (Flyball, 8RM, EV 95.6 MPH)
Top of the 1st over - 0 runs, 0 hits, 0 errors, 0 left on base; Surprise 0 - Hudsonville 0
BOTTOM OF THE 1ST
Hudsonville Flanderses batting - Pitching for Surprise Shockers : RHP Coyote Peterson
Pitching: RHP Coyote Peterson
Batting: SHB José García 0-0: Ball
1-0: Fly out, F8 (Line Drive, 8LM, EV 87.5 MPH)
Batting: RHB Bartolo Ayala 0-0: Called Strike
0-1: Ball
1-1: Swinging Strike
1-2: Ball
2-2: Ball
3-2: Base on Balls
Batting: RHB Pancho Achio 0-0: Called Strike
0-1: Ball
1-1: Ball
2-1: Called Strike
2-2: Ball
3-2: Fly out, F7 (Flyball, 78S, EV 90.0 MPH)
Batting: SHB Bailey Stuart 0-0: Ball
1-0: Called Strike
Pickoff Throw to First - Error! E1
Bartolo Ayala to second
1-1: Foul Ball, location: 2F
1-2: Strikes out swinging
Bottom of the 1st over - 0 runs, 0 hits, 1 error, 1 left on base; Surprise 0 - Hudsonville 0
TOP OF THE 2ND
Surprise Shockers batting - Pitching for Hudsonville Flanderses : RHP Roberto Córdova
Batting: RHB Banu Judham 0-0: Foul Ball, location: 2F
0-1: Ball
1-1: Ball
2-1: Ball
3-1: Foul Ball, location: 2F
3-2: Strikes out swinging
Batting: LHB Rodger Parsons 0-0: Ball
1-0: Fly out, F7 (Flyball, 7, EV 80.0 MPH)
Batting: RHB Robbie McClellan 0-0: Called Strike
0-1: Swinging Strike
0-2: Ball
1-2: Strikes out swinging
Top of the 2nd over - 0 runs, 0 hits, 0 errors, 0 left on base; Surprise 0 - Hudsonville 0
BOTTOM OF THE 2ND
Hudsonville Flanderses batting - Pitching for Surprise Shockers : RHP Coyote Peterson
Batting: RHB António Alguacil 0-0: Ball
1-0: Ball
2-0: Called Strike
2-1: SINGLE (Line Drive, 9S, EV 100.0 MPH)
Batting: RHB Yosuke Konishi 0-0: Ball
1-0: Fly out, F4 (Popup, 34, EV 59.4 MPH)
Batting: LHB Ben Yunusov 0-0: Foul Ball, location: 2F
0-1: Foul Ball, location: 2F
0-2: Ball
1-2: Strikes out swinging
Batting: RHB Tony Mendoza 0-0: Called Strike
0-1: Foul Ball, location: 2F
0-2: Ball
1-2: Strikes out swinging
Bottom of the 2nd over - 0 runs, 1 hit, 0 errors, 1 left on base; Surprise 0 - Hudsonville 0
TOP OF THE 3RD
Surprise Shockers batting - Pitching for Hudsonville Flanderses : RHP Roberto Córdova
Batting: RHB Robbie Fisher 0-0: Foul Ball, location: 2F
0-1: Called Strike
0-2: Ball
1-2: Foul Ball, location: 2F
1-2: Strikes out swinging
Batting: RHB Carlos Fernández 0-0: Ball
1-0: Ball
2-0: Ground out 6-3 (Groundball, 6, EV 83.1 MPH)
Batting: LHB Cory Blatchford 0-0: Ground out U3 (Groundball, 3S, EV 70.6 MPH)
Top of the 3rd over - 0 runs, 0 hits, 0 errors, 0 left on base; Surprise 0 - Hudsonville 0
BOTTOM OF THE 3RD
Hudsonville Flanderses batting - Pitching for Surprise Shockers : RHP Coyote Peterson
Batting: RHB Danny McElroy 0-0: Fly out, F8 (Line Drive, 8RM, EV 85.6 MPH)
Batting: SHB José García 0-0: Foul Ball, location: 2F
0-1: Foul Ball, location: 2F
0-2: Ball
1-2: Foul Ball, location: 2F
1-2: Foul Ball, location: 2F
1-2: Foul Ball, location: 2F
1-2: Foul Ball, location: 2F
1-2: Fly out, F8 (Flyball, 8LXD, EV 99.4 MPH)
Batting: RHB Bartolo Ayala 0-0: Ball
1-0: Called Strike
1-1: Ball
2-1: Ball
3-1: Called Strike
3-2: Foul Ball, location: 2F
3-2: Fly out, F9 (Flyball, 9S, EV 90.0 MPH)
Bottom of the 3rd over - 0 runs, 0 hits, 0 errors, 0 left on base; Surprise 0 - Hudsonville 0
TOP OF THE 4TH
Surprise Shockers batting - Pitching for Hudsonville Flanderses : RHP Roberto Córdova
Batting: SHB Miguel Lajara 0-0: Foul Ball, location: 2F
0-1: Ball
1-1: Foul Ball, location: 2F
1-2: Strikes out swinging
Batting: RHB Ryan McLeod 0-0: Ball
1-0: Foul Ball, location: 2F
1-1: Ground out 5-3 (Groundball, 5, EV 87.5 MPH)
Batting: LHB Rubén Larreta 0-0: Ground out 1-3 (Groundball, 34S, EV 65.0 MPH)
Top of the 4th over - 0 runs, 0 hits, 0 errors, 0 left on base; Surprise 0 - Hudsonville 0
BOTTOM OF THE 4TH
Hudsonville Flanderses batting - Pitching for Surprise Shockers : RHP Coyote Peterson
Batting: RHB Pancho Achio 0-0: Called Strike
0-1: Swinging Strike
0-2: Ball
1-2: Ball
2-2: Ball
3-2: Foul Ball, location: 2F
3-2: Base on Balls
Batting: SHB Bailey Stuart 0-0: Ball
1-0: Called Strike
1-1: Called Strike
1-2: Foul Ball, location: 2F
1-2: Ball
2-2: Ball
3-2: Base on Balls
Pancho Achio to second
Batting: RHB António Alguacil 0-0: Called Strike
0-1: Ball
Wild Pitch!
Pancho Achio to third
Bailey Stuart to second
1-1: Ball
2-1: Called Strike
2-2: Ball
3-2: Strikes out swinging
Batting: RHB Yosuke Konishi 0-0: Called Strike
0-1: Fly out, F9 (Flyball, 89M, EV 88.1 MPH)
Runner from 3rd tags up, SCORES, throw by RF
Batting: LHB Ben Yunusov 0-0: Foul Ball, location: 2F
0-1: Ball
1-1: Ball
2-1: Swinging Strike
2-2: SINGLE (Flyball, 9S, EV 96.2 MPH)
Bailey Stuart to third
Runner from 3rd tries for Home, SAFE, throw by RF to home
Batting: RHB Tony Mendoza 0-0: Swinging Strike
0-1: Ball
1-1: Ball
2-1: Swinging Strike
2-2: Fly out, F7 (Line Drive, 7, EV 110.0 MPH)
Bottom of the 4th over - 2 runs, 1 hit, 0 errors, 1 left on base; Surprise 0 - Hudsonville 2
TOP OF THE 5TH
Surprise Shockers batting - Pitching for Hudsonville Flanderses : RHP Roberto Córdova
Batting: RHB Banu Judham 0-0: Called Strike
0-1: Foul Ball, location: 2F
0-2: Strikes out swinging
Batting: LHB Rodger Parsons 0-0: Ball
1-0: Ball
2-0: Called Strike
2-1: Foul Ball, location: 2F
2-2: Ball
3-2: Foul Ball, location: 2F
3-2: Foul Ball, location: 2F
3-2: Strikes out swinging
Batting: RHB Robbie McClellan 0-0: Called Strike
0-1: Ball
1-1: Foul Ball, location: 2F
1-2: Ball
2-2: Ball
3-2: Foul Ball, location: 2F
3-2: Foul Ball, location: 2F
3-2: Ground out 6-3 (Groundball, 6, EV 104.4 MPH)
Top of the 5th over - 0 runs, 0 hits, 0 errors, 0 left on base; Surprise 0 - Hudsonville 2
BOTTOM OF THE 5TH
Hudsonville Flanderses batting - Pitching for Surprise Shockers : RHP Coyote Peterson
Batting: RHB Danny McElroy 0-0: Foul Ball, location: 2F
0-1: Foul Ball, location: 2F
0-2: Strikes out looking
Batting: SHB José García 0-0: Ball
1-0: SINGLE (Groundball, 6D, EV 98.1 MPH)
Batting: RHB Bartolo Ayala 0-0: Called Strike
0-1: Grounds into double play, 5-4-3 (Groundball, 56S, EV 89.4 MPH)
Bottom of the 5th over - 0 runs, 1 hit, 0 errors, 0 left on base; Surprise 0 - Hudsonville 2
TOP OF THE 6TH
Surprise Shockers batting - Pitching for Hudsonville Flanderses : RHP Roberto Córdova
Batting: RHB Robbie Fisher 0-0: Called Strike
0-1: Foul Ball, location: 2F
0-2: Foul Ball, location: 2F
0-2: Ball
1-2: Ball
2-2: Strikes out swinging
Batting: RHB Carlos Fernández 0-0: Called Strike
0-1: Foul Ball, location: 2F
0-2: Foul Ball, location: 2F
0-2: Strikes out swinging
Batting: LHB Cory Blatchford 0-0: Ball
1-0: Swinging Strike
1-1: Fly out, F9 (Flyball, 9LS, EV 86.9 MPH)
Top of the 6th over - 0 runs, 0 hits, 0 errors, 0 left on base; Surprise 0 - Hudsonville 2
BOTTOM OF THE 6TH
Hudsonville Flanderses batting - Pitching for Surprise Shockers : RHP Coyote Peterson
Batting: RHB Pancho Achio 0-0: Foul Ball, location: 2F
0-1: Ball
1-1: Swinging Strike
1-2: Ball
2-2: Ball
3-2: Strikes out swinging
Batting: SHB Bailey Stuart 0-0: Ball
1-0: Called Strike
1-1: Called Strike
1-2: Ball
2-2: Strikes out swinging
Batting: RHB António Alguacil 0-0: Ball
1-0: Fly out, F9 (Line Drive, 9D, EV 93.8 MPH)
Bottom of the 6th over - 0 runs, 0 hits, 0 errors, 0 left on base; Surprise 0 - Hudsonville 2
TOP OF THE 7TH
Surprise Shockers batting - Pitching for Hudsonville Flanderses : RHP Roberto Córdova
Batting: SHB Miguel Lajara 0-0: Called Strike
0-1: Foul Ball, location: 2F
0-2: Ground out U3 (Groundball, 3, EV 85.0 MPH)
Batting: RHB Ryan McLeod 0-0: Called Strike
0-1: Ball
1-1: Ball
2-1: Called Strike
2-2: Foul Ball, location: 2F
2-2: Strikes out swinging
Batting: LHB Rubén Larreta 0-0: Fly out, F3 (Line Drive, 3, EV 63.8 MPH)
Top of the 7th over - 0 runs, 0 hits, 0 errors, 0 left on base; Surprise 0 - Hudsonville 2
BOTTOM OF THE 7TH
Hudsonville Flanderses batting - Pitching for Surprise Shockers : RHP Coyote Peterson
Pitching: LHP Tommy Tillman
Batting: RHB Yosuke Konishi 0-0: Swinging Strike
0-1: Ball
1-1: Foul Ball, location: 2F
1-2: Strikes out swinging
Batting: LHB Ben Yunusov 0-0: Ball
1-0: Called Strike
1-1: Fly out, F4 (Popup, 4MD, EV 56.2 MPH)
Batting: RHB Tony Mendoza 0-0: Called Strike
0-1: Foul Ball, location: 2F
0-2: Ball
1-2: Ball
2-2: Ball
3-2: Strikes out swinging
Bottom of the 7th over - 0 runs, 0 hits, 0 errors, 0 left on base; Surprise 0 - Hudsonville 2
TOP OF THE 8TH
Surprise Shockers batting - Pitching for Hudsonville Flanderses : RHP Roberto Córdova
Batting: RHB Banu Judham 0-0: Ball
1-0: Called Strike
1-1: Fly out, F5 (Popup, 56, EV 61.2 MPH)
Batting: LHB Rodger Parsons 0-0: Called Strike
0-1: Ball
1-1: Fly out, F5 (Popup, 5SF, EV 84.4 MPH)
Batting: RHB Robbie McClellan 0-0: Called Strike
0-1: Called Strike
0-2: Ball
1-2: Ground out 4-3 (Groundball, 4S, EV 91.9 MPH)
Top of the 8th over - 0 runs, 0 hits, 0 errors, 0 left on base; Surprise 0 - Hudsonville 2
BOTTOM OF THE 8TH
Hudsonville Flanderses batting - Pitching for Surprise Shockers : LHP Tommy Tillman
Batting: RHB Danny McElroy 0-0: Ball
1-0: Ball
2-0: Ball
3-0: Foul Ball, location: 2F
3-1: Swinging Strike
3-2: Strikes out looking
Batting: SHB José García 0-0: Swinging Strike
0-1: Ball
1-1: Foul Ball, location: 2F
1-2: Foul Ball, location: 2F
1-2: Foul Ball, location: 2F
1-2: Ball
2-2: Ball
3-2: Base on Balls
Batting: RHB Bartolo Ayala 0-0: Fielders Choice at 2nd, 5-4 (Groundball, 56, EV 103.8 MPH)
Batting: RHB Pancho Achio 0-0: Fielders Choice at 2nd, U6 (Groundball, 6M, EV 100.6 MPH)
Bottom of the 8th over - 0 runs, 0 hits, 0 errors, 1 left on base; Surprise 0 - Hudsonville 2
TOP OF THE 9TH
Surprise Shockers batting - Pitching for Hudsonville Flanderses : RHP Roberto Córdova
Batting: RHB Robbie Fisher 0-0: Called Strike
0-1: Ball
1-1: Foul Ball, location: 2F
1-2: Strikes out looking
Batting: RHB Carlos Fernández 0-0: Hit by Pitch
Pinch Hitting: LHB Jose Asuncion 0-0: Foul Ball, location: 2F
0-1: Foul Ball, location: 2F
0-2: Ball
1-2: Strikes out looking
Batting: SHB Miguel Lajara 0-0: Called Strike
0-1: Called Strike
0-2: Strikes out swinging
Top of the 9th over - 0 runs, 0 hits, 0 errors, 1 left on base; Surprise 0 - Hudsonville 2
Tuesday, January 5th, 2021 - OOTP Baseball 20.8 Build 74